 Dungeon Crawl Stone Soup version 0.29.1-14-g9c671dbff4 (webtiles) character file.

Game seed: 16434232130797738015

20964 pilgrim the Geomancer (level 12, 0/80 HPs)
             Began as a Gargoyle Earth Elementalist on Feb 12, 2023.
             Was a Priest of Ashenzari.
             Slain by a slime creature (8 damage)
             ... on level 12 of the Dungeon.
             The game lasted 00:56:22 (18978 turns).

pilgrim the Geomancer (GrEE)                       Turns: 18978, Time: 00:56:23

Health: 0/80       AC: 15    Str: 13    XL:     12   Next: 85%
Magic:  18/26      EV: 14    Int: 24    God:    Ashenzari [***...]
Gold:   188        SH: 11    Dex: 12    Spells: 11/31 levels left

rFire   . . .      SeeInvis +   k - staff of earth (curse) {Evo, Melee}
rCold   + . .      Faith    .   I - +1 buckler "Soothsayer of Ashenzari" {reflect, Elem, Evo} (curse)
rNeg    + . .      Spirit   .   P - +2 robe {Will+}
rPois   ∞          Reflect  +   D - +0 helmet of Apeoromancy {Bglg, Elem} (curse)
rElec   +          Harm     .   j - +0 cloak "I Knew You'd Do That" {Elem, Alch} (curse)
rCorr   .          Rampage  .   J - +0 pair of gloves
Will    +....      Clarity  +   (no boots)
Stlth   ++........              n - amulet of Ashenzari's Stickiness {Reflect SH+5, Self, Comp} (curse)
HPRegen 0.23/turn               y - +6 ring of intelligence
MPRegen 0.20/turn               K - ring of protection from cold

@: no status effects
A: sickness immunity, AC +8, negative energy resistance 1, electricity
resistance, torment resistance 1, petrification resistance
a: Renounce Religion, Shatter the Chains


You were on level 12 of the Dungeon.
You worshipped Ashenzari.
Ashenzari was most pleased with you.
You visited 3 branches of the dungeon, and saw 16 of its levels.

You collected 734 gold pieces.
You spent 546 gold pieces at shops.

Inventory:

Missiles
 H - a throwing net
Armour
 a - a +0 robe
 j - the cursed +0 cloak "I Knew You'd Do That" (worn) {Elem, Alch}
   (You found it on level 2 of the Dungeon)

   It has a curse which improves the following skills: Elements: Fire Magic, Ice
   Magic, Air Magic and Earth Magic.
   Alchemy:   Poison Magic and Transmutations.
 C - +0 acid dragon scales
 D - the cursed +0 helmet of Apeoromancy (worn) {Bglg, Elem}
   (You found it on level 7 of the Dungeon)

   It has a curse which improves the following skills: Beguiling: Conjurations,
   Hexes and Translocations.
   Elements:  Fire Magic, Ice Magic, Air Magic and Earth Magic.
 I - the cursed +1 buckler "Soothsayer of Ashenzari" (worn) {reflect, Elem, Evo}
   (You acquired it on level 9 of the Dungeon)

   It has a curse which improves the following skills: Elements: Fire Magic, Ice
   Magic, Air Magic and Earth Magic.
   Evocations: Evocations.
 J - a +0 pair of gloves (worn)
 L - the +7 plate armour of the Moon {+Blink rN+ Str+3}
   (You found it on level 10 of the Dungeon)

   Str:       It affects your strength (+3).
   rN:        It protects you from negative energy.
   +Blink:    It lets you blink.
 P - a +2 robe of willpower (worn)
 Q - a +2 hat
Magical Staves
 k - a cursed staff of earth (weapon) {Evo, Melee}
Jewellery
 n - the cursed amulet of Ashenzari's Stickiness (around neck) {Reflect SH+5, Self, Comp}
   (You found it on level 5 of the Dungeon)

   [amulet of reflection]

   It reflects blocked missile attacks.
   SH:        It affects your SH (+5).
   It has a curse which improves the following skills: Introspection: Fighting
   and Spellcasting.
   Companions: Summonings and Necromancy.
 t - a +6 ring of strength
 y - a +6 ring of intelligence (left hand)
 B - a +4 ring of protection
 K - a ring of protection from cold (right hand)
Wands
 h - a wand of light (18)
 F - a wand of digging (6)
 G - a wand of flame (14)
 S - a wand of roots (4)
 T - a wand of paralysis (8)
Scrolls
 c - 2 scrolls of torment
 d - 3 scrolls of blinking
 e - 2 scrolls of fear
 l - 3 scrolls of vulnerability
 o - 6 scrolls of teleportation
 p - 2 scrolls of noise
 w - 3 scrolls of magic mapping
 A - 2 scrolls of silence
 M - a scroll of brand weapon
 N - a scroll of fog
 R - 2 scrolls of enchant armour
 U - 2 scrolls of amnesia
Potions
 b - a potion of magic
 f - 4 potions of curing
 g - 2 potions of ambrosia
 i - 3 potions of might
 m - 4 potions of haste
 q - 2 potions of invisibility
 r - 5 potions of flight
 s - 3 potions of brilliance
 u - 3 potions of mutation
 v - 4 potions of lignification
 x - a potion of attraction
 z - 7 potions of heal wounds
 E - 4 potions of resistance
Miscellaneous
 O - a tin of tremorstones (2/2)


   Skills:
 + Level 9.6(11.2) Fighting
 + Level 8.7(10.3) Staves
 + Level 7.7 Dodging
 - Level 3.3 Stealth
 - Level 5.0 Shields
 + Level 8.4(10.1) Spellcasting
 + Level 3.1(4.5) Conjurations
 - Level 3.8(5.3) Transmutations
 + Level 11.2(14.4) Earth Magic


You had 11 spell levels left.
You knew the following spells:

 Your Spells              Type           Power      Damage    Failure   Level
a - Sandblast             Erth           100%       2d20      1%          1
b - Stone Arrow           Conj/Erth      100%       3d13      1%          3
c - Passwall              Tmut/Erth      60%        N/A       1%          2
d - Petrify               Tmut/Erth      73%        N/A       1%          4
e - Leda's Liquefaction   Hex/Erth       31%        N/A       3%          4
f - Iron Shot             Conj/Erth      36%        9d7       21%         6

Your spell library contained the following spells:

 Spells                   Type           Power      Damage    Failure   Level
 Sting                    Tmut/Pois      100%       1d8       2%          1
 Apportation              Tloc           26%        N/A       6%          1
 Necrotise                Necr           52%        1d6       6%          1
 Summon Small Mammal      Summ           52%        N/A       6%          1
 Poisonous Vapours        Pois/Air       26%        N/A       9%          2
 Blink                    Tloc           26%        N/A       10%         2
 Call Canine Familiar     Summ           13%        N/A       19%         3
 Lesser Beckoning         Tloc           13%        N/A       19%         3
 Portal Projectile        Hex/Tloc       26%        N/A       19%         3
 Summon Guardian Golem    Hex/Summ       13%        N/A       19%         3
 Vampiric Draining        Necr           13%        2d6       19%         3
 Irradiate                Conj/Tmut      17%        3d17      24%         5
 Iskenderun's Battlesphe  Conj           34%        2d9       28%         5
 Olgreb's Toxic Radiance  Pois           13%        N/A       52%         4
 Alistair's Intoxication  Tmut/Pois      16%        N/A       52%         5
 Agony                    Necr           13%        N/A       86%         5
 Manifold Assault         Tloc           13%        N/A       86%         5
 Spellforged Servitor     Conj/Summ      11%        N/A       100%        7
 Sublimation of Blood     Necr           Unusable   N/A       N/A         2

Dungeon Overview and Level Annotations

Branches:
Dungeon (12/15)            Temple (1/1) D:5            Lair (3/5) D:10
 Shoals (0/4) Lair:3        Snake (0/4) Lair:2          Orc (0/2) D:11

Altars:
Ashenzari
Cheibriados
Dithmenos
Elyvilon
Fedhas
Gozag
Hepliaklqana
Kikubaaqudgha
Makhleb
Nemelex Xobeh
Okawaru
Qazlal
Ru
Sif Muna
Trog
Uskayaw
Vehumet
Wu Jian
Xom
Yredelemnul
Zin
The Shining One

Shops:
D:3 :   D:8 *   D:11 [

Annotations:
D:5 1 runed translucent door, HumanPerson's ghost, novice TrFi
D:7 3 runed translucent doors, protoss039's ghost, novice DsEE
D:8 Maggie; Maurice
D:11 exclusions: door and 2 ugly things
Lair:1 2 transporters


Innate Abilities, Weirdness & Mutations

You are immune to sickness and miasma.
Your stone body is resilient. (AC +8)
You are immune to poison.
You resist negative energy. (rN+)
You are resistant to electric shocks. (rElec)
You are resistant to unholy torment.
You are immune to petrification.


Message History

You feel a surge of power!
The blast of sand hits the very large slime creature.
The very large slime creature is heavily wounded.
A very large slime creature splits.
A large slime creature splits.
The slime creature attacks as you move away!
The slime creature hits you!
* * * LOW HITPOINT WARNING * * *
The slime creature hits you but does no damage.
The slime creature attacks as you move away!
The slime creature barely misses you.
A shadow comes into view.
Blink to where?
Press: ? - help, Q - select action, (/) - cycle Dir - move target, p - slime creature
As you read the scroll of blinking, it crumbles to dust.
Casting: Sandblast (safe; 1% risk of failure)
Confirm with . or Enter, or press ? or * to list all spells.
Aiming: Stone Arrow (safe; 1% risk of failure)
Press: ? - help, Shift-Dir - straight line, f - slime creature
Aim: a slime creature (heavily wounded, 95% to hit)
You feel a surge of power!
The stone arrow hits the slime creature!!
The slime creature is almost dead.
Casting: Stone Arrow (safe; 1% risk of failure)
Confirm with . or Enter, or press ? or * to list all spells.
Aiming: Sandblast (safe; 1% risk of failure)
Press: ? - help, Shift-Dir - straight line, f/p - slime creature
Aim: a slime creature (almost dead, 97% to hit)
You feel a surge of power!
The blast of sand hits the slime creature!!
You kill the slime creature!
Casting: Sandblast (safe; 1% risk of failure)
Confirm with . or Enter, or press ? or * to list all spells.
Aiming: Sandblast (safe; 1% risk of failure)
Press: ? - help, Shift-Dir - straight line, f - slime creature
Aim: a slime creature (heavily wounded, 97% to hit)
You feel a surge of power!
The blast of sand hits the slime creature!
The slime creature is severely wounded.
You block the slime creature's attack. The slime creature hits you!
You die...

, * , **,* , * ,, *,,
, , , , , , * , * ,,
,* ,* * ,* * ###+#*,
, +## , * * ##....
*##..# , *
###.....### ##...#* *
*
......#...#+#@..####
......#.....JJ.....#*
..............?......
...................##
..............####...
*
...............!.....
, *
...W#..!.......#... ,
##.*####.......# , ,
# , * #......... , ,
,


You could see 2 slime creatures.

Vanquished Creatures
  Gastronok (D:11)
  A hydra (Lair:2)
  A catoblepas (Lair:1)
  3 two-headed ogres
  Erica (D:11)
  Sonja (Lair:1)
  2 cyclopes
  A merfolk siren (Lair:3)
  A black mamba (Lair:1)
  A cane toad (shapeshifter) (D:11)
  A gargoyle (D:11)
  3 komodo dragons
  Psyche (D:10)
  An unseen horror (D:12)
  A rime drake (Lair:1)
  A troll (D:10)
  A slime creature (D:12)
  3 blink frogs
  A spriggan (Lair:1)
  A wraith (D:11)
  A wyvern (D:9)
  28 yaks
  A steam dragon (D:7)
  A warg (D:11)
  3 nagas (Lair:2)
  2 acid dragons
  9 water moccasins
  4 orc warriors
  3 black bears
  3 ice beasts (D:6)
  2 sky beasts (D:6)
  An ogre (D:4)
  3 centaurs
  11 wolves
  3 kobold brigands
  2 phantoms (D:6)
  9 bullfrogs
  A necrophage (D:4)
  2 scorpions
  4 wights
  9 killer bees
  5 howler monkeys
  3 hounds
  2 jellies (D:5)
  5 orc priests
  A gnoll bouda (D:10)
  6 iguanas
  Jessica (D:3)
  7 orc wizards
  3 gnolls (D:10)
  9 adders
  2 shadow imps
  2 white imps
  An ufetubus (D:6)
  4 worms
  2 dart slugs
  21 orcs
  4 bats
  12 endoplasms
  A giant cockroach (D:3)
  3 goblins
  9 hobgoblins
  12 jackals
  2 quokkas
  3 ball pythons
  4 frilled lizards
  25 kobolds
  5 rats
283 creatures vanquished.

Vanquished Creatures (others)
  A kobold brigand (D:6)
  13 fungi
  11 plants
25 creatures vanquished.

Grand Total: 308 creatures vanquished

Notes
Turn   | Place    | Note
-------+----------+-------------------------------------------
     0 | D:1      | pilgrim the Gargoyle Earth Elementalist began the quest for
                  | the Orb.
     0 | D:1      | Reached XP level 1. HP: 10/10 MP: 3/3
     1 | D:1      | Noticed a demonspawn zombie
    12 | D:1      | Noticed a minotaur zombie
    16 | D:1      | Noticed a merfolk zombie
   272 | D:1      | Reached XP level 2. HP: 16/16 MP: 3/5
   896 | D:1      | Reached skill level 1 in Fighting
  1045 | D:1      | Reached XP level 3. HP: 20/20 MP: 3/6
  1230 | D:1      | Upgraded the game from 0.29.1-13-g9f3cf754e1 to
                  | 0.29.1-14-g9c671dbff4
  1526 | D:2      | Reached skill level 4 in Earth Magic
  2257 | D:2      | Found a burning altar of Makhleb.
  2567 | D:3      | Reached XP level 4. HP: 25/25 MP: 4/7
  2822 | D:3      | You fall into a shaft and drop 2 floors!
  2822 | D:5      | Entered Level 5 of the Dungeon
  3027 | D:5      | Found a runed translucent door.
  3027 | D:5      | Noticed a scorpion
  3046 | D:5      | Killed a scorpion
  3047 | D:5      | Reached skill level 1 in Staves
  3047 | D:5      | Reached XP level 5. HP: 20/30 MP: 0/8
  3216 | D:5      | Reached XP level 6. HP: 26/36 MP: 5/10
  3304 | D:5      | Noticed HumanPerson's ghost (novice TrFi)
  3944 | D:5      | Learned a level 2 spell: Passwall
  4286 | D:3      | Found Ynkonen's Book Emporium.
  4342 | D:3      | Noticed Jessica
  4344 | D:3      | Killed Jessica
  4345 | D:3      | Reached skill level 5 in Earth Magic
  4503 | D:3      | Found a faded altar of an unknown god.
  4832 | D:4      | Found a bloodstained altar of Trog.
  4990 | D:4      | Found a broken altar of Ashenzari.
  5036 | D:4      | Became a worshipper of Ashenzari the Shackled
  5068 | D:4      | Found a shadowy altar of Dithmenos.
  5093 | D:4      | Reached XP level 7. HP: 41/41 MP: 8/12
  5315 | D:4      | Found a radiant altar of Vehumet.
  5317 | D:4      | Found a snail-covered altar of Cheibriados.
  6191 | D:5      | Found a staircase to the Ecumenical Temple.
  6197 | Temple   | Entered the Ecumenical Temple
  6828 | D:5      | Reached XP level 8. HP: 24/48 MP: 8/13
  6985 | D:6      | Reached skill level 6 in Earth Magic
  7157 | D:6      | Found a burning altar of Makhleb.
  7204 | D:6      | Found a hazy altar of Hepliaklqana.
  7337 | D:6      | Reached * piety under Ashenzari
  7342 | D:6      | Learned a level 3 spell: Stone Arrow
  7595 | D:6      | Reached skill level 5 in Fighting
  7688 | D:6      | Reached XP level 9. HP: 33/54 MP: 13/16
  7699 | D:6      | Reached skill level 7 in Earth Magic
  7939 | D:6      | Reached skill level 5 in Spellcasting
  8301 | D:7      | Identified a scroll of acquirement
  8345 | D:7      | Reached skill level 5 in Staves
  8460 | D:7      | Acquired a book of Alchemy
  8601 | D:7      | Found a sparkling altar of Nemelex Xobeh.
  8790 | D:7      | Found a runed translucent gate.
  8790 | D:7      | Found a runed translucent gate.
  8790 | D:7      | Noticed protoss039's ghost (novice DsEE)
  8791 | D:7      | Found a runed translucent gate.
  9031 | D:7      | Learned a level 4 spell: Petrify
  9036 | D:7      | Learned a level 4 spell: Leda's Liquefaction
  9210 | D:7      | Reached ** piety under Ashenzari
  9536 | D:8      | Noticed Maggie
  9580 | D:8      | Found an opulent altar of Gozag.
  9584 | D:8      | Found Gozag's Platinum Reserve.
  9634 | D:8      | Reached skill level 5 in Dodging
  9723 | D:8      | Reached skill level 1 in Transmutations
  9865 | D:8      | Reached skill level 8 in Earth Magic
  9974 | D:8      | Reached XP level 10. HP: 64/64 MP: 18/20
 10038 | D:8      | Noticed Maurice
 10871 | D:9      | Acquired a +1 buckler of reflection
 11377 | D:9      | Reached skill level 1 in Shields
 11434 | D:9      | Noticed a cyclops
 11442 | D:9      | Killed a cyclops
 11921 | D:10     | Entered Level 10 of the Dungeon
 11941 | D:10     | Identified the +7 plate armour of the Moon {+Blink rN+
                  | Str+3}
 11985 | D:10     | Found an ornate altar of the Wu Jian Council.
 12006 | D:10     | Noticed a two-headed ogre
 12013 | D:10     | Killed a two-headed ogre
 12149 | D:10     | Found a staircase to the Lair.
 12290 | D:10     | Found a hide-covered altar of Uskayaw.
 12355 | D:10     | Noticed a two-headed ogre
 12361 | D:10     | Killed a two-headed ogre
 12362 | D:10     | Reached skill level 9 in Earth Magic
 12362 | D:10     | Reached XP level 11. HP: 46/69 MP: 17/23
 12823 | D:10     | Noticed Psyche
 12825 | D:10     | Killed Psyche
 12842 | D:10     | Found a glowing golden altar of the Shining One.
 13383 | D:11     | Found a staircase to the Orcish Mines.
 13632 | D:11     | Found Upofyi's Armour Emporium.
 13632 | D:11     | Noticed a cyclops
 13637 | D:11     | Killed a cyclops
 13865 | D:11     | Noticed Erica
 13877 | D:11     | Killed Erica
 13942 | D:11     | Noticed a two-headed ogre
 14082 | D:11     | HP: 2/71 [two-headed ogre/+0 giant club (6)]
 14083 | D:11     | Killed a two-headed ogre
 14307 | D:11     | Noticed a green ugly thing
 14461 | D:11     | Noticed a brown ugly thing
 14536 | D:11     | Noticed Gastronok
 14548 | D:11     | Killed Gastronok
 14549 | D:11     | Reached skill level 10 in Earth Magic
 15113 | Lair:1   | Entered Level 1 of the Lair of Beasts
 15126 | Lair:1   | Noticed Sonja
 15131 | Lair:1   | Killed Sonja
 15164 | Lair:1   | Reached skill level 5 in Shields
 15164 | Lair:1   | Reached XP level 12. HP: 77/77 MP: 21/24
 15381 | Lair:1   | Found a transporter.
 15528 | Lair:1   | Noticed a catoblepas
 15539 | Lair:1   | Killed a catoblepas
 15941 | D:3      | Bought a book of Power for 546 gold pieces
 15948 | D:3      | Learned a level 6 spell: Iron Shot
 16276 | Lair:1   | Found a transporter.
 16574 | Lair:2   | Found a staircase to the Snake Pit.
 16583 | Lair:2   | Reached skill level 1 in Conjurations
 17273 | Lair:2   | Noticed a four-headed hydra
 17299 | Lair:2   | Killed a four-headed hydra
 17750 | Lair:2   | Reached skill level 11 in Earth Magic
 17901 | Lair:3   | Found a staircase to the Shoals.
 18044 | Lair:3   | Noticed a death yak
 18045 | Lair:3   | Noticed a death yak
 18045 | Lair:3   | Noticed a death yak
 18046 | Lair:3   | Noticed a death yak
 18663 | Lair:1   | Reached *** piety under Ashenzari
 18978 | D:12     | Slain by a slime creature

Illustrated notes

Levels and vault maps discovered:
D:1:      shiori_arrival_whats_in_store_for_you, layout_loops_corners,
          nicolae_wormholes
D:2:      layout_basic, basic_altar, minivault_26, minmay_indecisive_spiral
D:3:      layout_basic, chequers_ecumenical_altar_grove, serial_shops,
          nicolae_shop_stone, uniq_jessica
D:4:      layout_basic, evilmike_ruin_ashenzari, general_overflow_altar,
          chequers_temple_overflow_statue_of_worship, bloody_trog
D:5:      layout_layer_cave, minmay_temple_entry_enclosed_plants,
          hellmonk_ghost_happy_afterlife, chequers_serial_rivers_room_a,
          grunt_tough_drop
D:6:      layout_cave_pools, bloody_makhleb, worldfamousw_hep_ancestral_shrine
D:7:      layout_cave_pods, mainiacjoe_overflow_tiny_flanked,
          ebering_ghost_rock_garden
D:8:      layout_basic, nicolae_gozag_zags_fifth_avenue, uniq_maurice,
          uniq_maggie
D:9:      layout_loops_corners, serial_rivers, chequers_serial_rivers_room_b,
          chequers_serial_rivers_micro_e, chequers_serial_rivers_micro_a,
          chequers_serial_rivers_large_a, chequers_serial_rivers_room_b,
          chequers_serial_rivers_micro_b
D:10:     layout_roguey, eat_drink_and_be_merry_uskayaw,
          mainiacjoe_overflow_alcove_4, kennysheep_little_box, lair_entry_dummy,
          nrook_mini_vaults, uniq_psyche
D:11:     layout_basic, david_orc_3, serial_shops, shop, uniq_gastronok,
          uniq_erica
D:12:     layout_cave_pools, minmay_misc_feat_chi, nicolae_hexahallways,
          uniq_azrael, uniq_nessos
Temple:   chequers_temple_sunken
Lair:1:   gammafunk_cloud_chamber, layout_chaotic_city,
          grunt_forest_large_clearing_hut, uniq_sonja
Lair:2:   layout_hall_layers, guppyfry_snake_entry_island,
          nicolae_quartered_pool_impasse, lemuel_fruit_fields
Lair:3:   layout_misc_corridors, minmay_shoals_entry_lonely_mermaid, basic_altar

Skill      XL: |  1  2  3  4  5  6  7  8  9 10 11 12 |
---------------+-------------------------------------+-----
Fighting       | 1 2 3 5 6 7 8 9 |  9.6
Earth Magic    | 4 5 6 8 9 10 11 | 11.2
Dodging        | 2 3 4 5 6 7 |  7.7
Staves         | 1 2 3 4 5 6 7 8 |  8.7
Stealth        | 3 |  3.3
Spellcasting   | 3 4 5 6 7 8 |  8.4
Transmutations | 1 3 |  3.8
Shields        | 2 5 |  5.0
Conjurations   | 3 |  3.1

Action                   |  1- 3 |  4- 6 |  7- 9 | 10-12 || total
-------------------------+-------+-------+-------+-------++-------
Melee: Dagger            |    19 |       |       |       ||    19
       Staff             |     9 |    16 |    42 |    46 ||   113
 Cast: Sandblast         |    52 |    56 |   148 |   337 ||   593
       Stone Arrow       |       |       |     8 |    23 ||    31
       Petrify           |       |       |       |     4 ||     4
Invok: Curse Item        |       |       |     4 |     1 ||     5
  Use: Scroll            |     5 |     5 |     3 |     3 ||    16
       Potion            |       |       |     1 |     1 ||     2
 Stab: Sleeping          |     2 |       |       |       ||     2
       Petrified         |       |       |       |     2 ||     2
Armor: Robe              |    11 |    31 |    35 |    57 ||   134
       Acid dragon scale |       |       |       |    48 ||    48
Dodge: Dodged            |    24 |    45 |    60 |   185 ||   314
Block: Other             |       |     1 |    39 |     4 ||    44
       Reflection        |       |       |     7 |     9 ||    16
       Buckler           |       |       |       |   177 ||   177
